 Dungeon Crawl Stone Soup version 0.30-a0-711-gf4ac18a38d (webtiles) character file.

Game seed: 2240312747453670877

18 flotson the Sneak (level 2, -3/24 HPs)
             Began as a Demonspawn Delver on Jan 22, 2023.
             Killed by nerve-wracking pain
             ... invoked by an orc priest
              (13 damage)
             ... on level 3 of the Dungeon.
             The game lasted 00:02:54 (367 turns).

flotson the Sneak (Demonspawn Delver)                Turns: 367, Time: 00:02:55

Health: -3/24      AC:  4    Str: 12    XL:     2   Next: 48%
Magic:  2/2        EV: 12    Int: 11    God:
Gold:   0          SH:  0    Dex: 14    Spells: 1/1 levels left

rFire   . . .      SeeInvis .    a - +0 hand axe
rCold   . . .      Faith    .    (no shield)
rNeg    . . .      Spirit   .    e - +0 leather armour
rPois   .          Reflect  .    (no helmet)
rElec   .          Harm     .    (no cloak)
rCorr   .          Rampage  .    (no gloves)
Will    .....                    (no boots)
Stlth   +++                      (no amulet)
HPRegen 0.24/turn                (no ring)
MPRegen 0.08/turn                (no ring)

@: no status effects
A: rugged brown scales 1
a: no special abilities


You were on level 3 of the Dungeon.
You visited 1 branch of the dungeon, and saw 3 of its levels.

Inventory:

Hand Weapons
 a - a +0 hand axe (weapon)
 b - a +0 sling
Armour
 e - a +0 leather armour (worn)
Wands
 g - a wand of digging (2)
Scrolls
 c - a scroll of fog
 d - a scroll of magic mapping
Potions
 f - a potion of haste
 i - a potion of attraction


   Skills:
 + Level 3.1 Fighting
 + Level 2.0 Axes
 + Level 0.5 Armour
 + Level 2.0 Dodging
 + Level 4.6 Stealth
 + Level 0.4 Evocations


You had one spell level left.
You didn't know any spells.
Your spell library was empty.

Dungeon Overview and Level Annotations

Branches:
Dungeon (5/15)
 Temple: D:4-7

Altars:
Dithmenos

Annotations:
D:3 Robin
D:4 1 transporter, pigah's ghost, amateur OpWn


Innate Abilities, Weirdness & Mutations

You are partially covered in rugged brown scales. (AC +1, +3% HP)


Message History

You shoot a sling bullet.
The sling bullet closely misses the orc. x2
The orc hits you with a +0 flail.
You shoot a sling bullet.
The sling bullet closely misses the orc.
The sling bullet hits the orc but does no damage.
The orc is heavily wounded.
The orc hits you with a +0 flail.
You shoot a sling bullet. The sling bullet hits the orc.
The orc is moderately wounded.
The orc hits you but does no damage. The orc barely misses you.
You shoot a sling bullet. The sling bullet hits the orc.
The orc is almost dead.
The orc completely misses you.
You shoot a sling bullet. The sling bullet barely misses the orc.
The sling bullet hits the orc.
The orc is severely wounded.
You hear a shout!
The orc hits you but does no damage. The orc hits you with a +0 flail.
a - a +0 hand axe (weapon)
You hit the orc.
You kill the orc!
You hit the orc.
You kill the orc!
Throw: boomerang (disperse)
Press: ? - help, Q - select action Shift-Dir - straight line, f - orc priest
Aim: an orc priest, wielding a +0 short sword (59% to hit)
You throw a boomerang of dispersal.
The boomerang of dispersal closely misses the orc priest.
You barely miss the orc priest.
The orc priest miscasts a cantrip.
You hit the orc priest.
The orc priest is moderately wounded.
The orc priest hits you with a +0 short sword.
You barely miss the orc priest.
The orc priest is moderately wounded.
The orc priest mumbles some strange prayers to Beogh against you.
Pain shoots through your body!
Ouch! That really hurt!
You die...

################
...............###
...........o.o...#
#######.######.#.#
#.# #.#.# #####
#o# #.#.# #....
#o# #.#.#
#.....#.# #.#o#
#.....#o# #.#@#
#.......# #.#.#
......#.# #.#
##.#.##...........
..... ...........#
#.# ##...####.###
... ..... . ##
#...## #. #....


You could see an orc priest.

Vanquished Creatures
  3 orcs
  A ball python (D:4)
  An endoplasm (D:3)
  7 goblins (D:3)
  A frilled lizard (D:3)
  A rat (D:3)
14 creatures vanquished.

Notes
Turn   | Place    | Note
-------+----------+-------------------------------------------
     0 | D:5      | flotson the Demonspawn Delver began the quest for the Orb.
     0 | D:5      | Reached XP level 1. HP: 18/18 MP: 1/1
    14 | D:5      | Noticed an ice beast
    90 | D:5      | Noticed a scorpion
    90 | D:5      | Noticed a scorpion
   135 | D:5      | Found a shadowy altar of Dithmenos.
   157 | D:4      | Noticed pigah's ghost (amateur OpWn)
   157 | D:4      | Found a transporter.
   185 | D:3      | Noticed Robin
   190 | D:3      | Gained mutation: You are partially covered in rugged brown
                  | scales. (AC +1, +3% HP) [demonic ancestry]
   190 | D:3      | Reached XP level 2. HP: 14/24 MP: 2/2
   367 | D:3      | Killed from afar by an orc priest

Illustrated notes

Levels and vault maps discovered:
D:3:      layout_basic, lemuel_tele_altar, mainiacjoe_overflow_catch_the_wave,
          minmay_diced_spiral, uniq_robin
D:4:      layout_cave_pools, beargit_hepliaklqana_dungeon_heroes,
          gammafunk_ghost_mausoleum, dreamdust_gnoll_farm, uniq_blork_the_orc
D:5:      layout_basic, mainiacjoe_overflow_chevrons, old_standard_altar,
          uniq_duvessa

Skill      XL: |  1  2 |
---------------+-------+-----
Dodging        | 2 |  2.0
Axes           | 2 |  2.0
Fighting       | |  3.1
Armour         | |  0.5
Stealth        | |  4.6
Evocations     | |  0.4

Action                     || total
---------------------------++-------
  Melee: Hand axe          ||    28
   Fire: Sling             ||     7
  Throw: Boomerang         ||     1
  Evoke: Wand              ||     1
    Use: Scroll            ||     2
         Potion            ||     2
   Stab: Sleeping          ||     3
 Armour: Leather armour    ||     9
  Dodge: Dodged            ||    22

Table legend: (Time is in decaauts)
 A = Elapsed time spent in this place.
 B = Non-inter-level travel time spent in this place.
 C = Inter-level travel time spent in this place.
 D = Time resting spent in this place.
 E = Time spent auto-exploring this place.
 F = Levels seen in this place.
 G = Mean time per level.
                   A        B        C        D        E       F      G
               +--------+--------+--------+--------+--------+-----+--------+
         Total |    372 |    372 |      0 |      0 |     44 |   3 |  124.0 |
       Dungeon |    372 |    372 |      0 |      0 |     44 |   3 |  124.0 |
               +--------+--------+--------+--------+--------+-----+--------+

Top non-repeatable levels by time:
     D:3: 200 daAuts
     D:5: 158 daAuts
     D:4: 13 daAuts
